 Dungeon Crawl Stone Soup version 0.29.0-4-gdea44cf6ec (webtiles) character file.

Game seed: 12563245712772977319

66 qw the Chopper (level 4, 0/26 HPs)
             Began as a Tengu Warper on Aug 28, 2022.
             Slain by Grinder (4 damage)
             ... on level 3 of the Dungeon.
             The game lasted 00:00:11 (2352 turns).

qw the Chopper (Tengu Warper)                       Turns: 2352, Time: 00:00:11

Health: 0/26       AC:  3    Str: 12 (13) XL:     4   Next: 15%
Magic:  8/8        EV: 11    Int: 14      God:
Gold:   129        SH:  0    Dex: 10 (13) Spells: 7/7 levels left

rFire   . . .      SeeInvis .   Y - +1 war axe (venom)
rCold   . . .      Faith    .   (no shield)
rNeg    . . .      Spirit   .   b - +0 leather armour
rPois   .          Reflect  .   (helmet restricted)
rElec   .          Harm     .   (no cloak)
rCorr   .          Rampage  .   (no gloves)
Will    .....                   (boots unavailable)
Stlth   +.........              (no amulet)
HPRegen 0.08/turn               (no ring)
MPRegen 0.11/turn               (no ring)

@: no status effects
A: beak, talons 3
a: no special abilities


You were on level 3 of the Dungeon.
You visited 1 branch of the dungeon, and saw 3 of its levels.

You collected 129 gold pieces.


Innate Abilities, Weirdness & Mutations

You have a beak for a mouth.
You have claws for feet.


   Skills:
 - Level 2.0 Fighting
 + Level 4.7 Axes
 - Level 1.0 Throwing
 - Level 1.1 Armour
 - Level 2.1 Dodging
 - Level 2.0 Spellcasting
 - Level 2.4 Translocations


You had 7 spell levels left.
You didn't know any spells.
Your spell library contained the following spells:

 Spells                   Type           Power      Damage    Failure   Level
 Blink                    Tloc           16%        N/A       17%         2
 Gell's Gravitas          Tloc           8%         N/A       34%         3
 Lesser Beckoning         Tloc           8%         N/A       34%         3
 Teleport Other           Tloc           8%         N/A       34%         3
 Manifold Assault         Tloc           8%         N/A       97%         5

Inventory:

Hand Weapons
 d - a +0 club
 Y - a +1 war axe of venom (weapon)
Armour
 b - a +0 leather armour (worn)
Jewellery
 a - a ring of see invisible
Scrolls
 c - a scroll of identify
Potions
 e - a potion of flight {unknown}
 h - a potion of attraction {unknown}

Dungeon Overview and Level Annotations

Branches:
Dungeon (3/15)

Altars:

Shops:
D:1 [

Annotations:
D:3 Grinder


Message History

You slash Grinder! You claw Grinder.
Grinder is moderately wounded.
Grinder closely misses you.
An endoplasm comes into view.
Grinder blinks!
2340 ||| Stepping ~*~*~tactically~*~*~ (hiding).
2341 ||| Stepping ~*~*~tactically~*~*~ (hiding).
The endoplasm quivers.
You hit the rat.
You kill the rat!
You start resting.
An endoplasm is nearby!
You completely miss the endoplasm. Your kick misses the endoplasm.
You peck the endoplasm.
The endoplasm is severely wounded.
The endoplasm freezes you.
You are frozen.
You hit the endoplasm.
You kill the endoplasm!
You feel your intelligence returning.
You start resting.
Grinder is nearby!
You see here a rat corpse.
You barely miss Grinder. Your kick misses Grinder.
Grinder is moderately wounded.
Grinder barely misses you.
You barely miss Grinder. You claw Grinder.
Grinder is heavily wounded.
Grinder hits you.
You writhe in agony.
You slash Grinder!
Grinder is severely wounded.
Grinder drinks a potion.
Grinder is healed!
Grinder closely misses you.
You closely miss Grinder. Your peck misses Grinder.
Grinder is heavily wounded.
Grinder hits you.
You writhe in agony.
You closely miss Grinder.
Grinder is heavily wounded.
Grinder says, "DUCK!"
Grinder hits you.
You writhe in agony.
You die...

.. 7#.# #.# ...
.7.777#.###.# 7.7
..........#.#
.......####.#.#.#
7.7.. #.#.#.#
..#.. ###.#.#.#
#7.7.# #.....#.##
#. #..#.#
#.#...#...
.#...##7@7.#
#.########
........5#.# #.#
##...##7.7.### #.#
#> #.#...###.#
7.7.......########
#...#.............
#################.
#..............
##..............


You could see Grinder.

Vanquished Creatures
  A gnoll (D:3)
  An adder (D:2)
  2 dart slugs
  6 endoplasms
  A giant cockroach (D:1)
  2 goblins (D:1)
  3 hobgoblins (D:1)
  5 jackals (D:1)
  3 kobolds (D:1)
  3 quokkas
  A ball python (D:2)
  7 bats
  4 rats
39 creatures vanquished.

Vanquished Creatures (others)
  A plant (D:3)
1 creature vanquished.

Grand Total: 40 creatures vanquished

Notes
Turn   | Place    | Note
-------+----------+-------------------------------------------
     0 | D:1      | qw the Tengu Warper began the quest for the Orb.
     0 | D:1      | Reached XP level 1. HP: 12/12 MP: 4/4
     0 | D:1      | 0 ||| qw: Version: 0.1-a-89-g26bdef1
     0 | D:1      | 0 ||| qw: Game counter: 1849
     0 | D:1      | 0 ||| qw: Always use a shield: true
     0 | D:1      | 0 ||| qw: God list: Okawaru
     0 | D:1      | 0 ||| qw: Allow faded altars: false
     0 | D:1      | 0 ||| qw: Do Orc after D:15 true
     0 | D:1      | 0 ||| qw: Do second Lair branch before Depths: true
     0 | D:1      | 0 ||| qw: Lair rune preference: random
     0 | D:1      | 0 ||| qw: Plans: Normal
     0 | D:1      | 0 ||| PLANNING D:1-11
   118 | D:1      | Reached skill level 3 in Axes
   118 | D:1      | Reached XP level 2. HP: 17/17 MP: 6/6
   652 | D:1      | 652 ||| Stepping ~*~*~tactically~*~*~ (stealth).
   818 | D:1      | Found Tadghomu's Antique Armour Boutique.
   829 | D:1      | 829 ||| SHOPLISTING chain mail (99 gold, have 40).
   829 | D:1      | 829 ||| SHOPLISTING ring mail (88 gold, have 40).
   829 | D:1      | 829 ||| SHOPLISTING scale mail (88 gold, have 40).
   941 | D:1      | Reached XP level 3. HP: 21/21 MP: 7/7
  1147 | D:1      | 1147 ||| DROPPING ring of wizardry.
  1148 | D:1      | 1148 ||| READING scroll labelled FUTHOD ICZOER.
  1149 | D:1      | 1149 ||| READING scroll labelled LEUSCHO ZIMIRGH.
  1150 | D:1      | 1150 ||| READING scroll labelled LOZEV REUQIF.
  1151 | D:1      | 1151 ||| READING scroll labelled JITIETR LEBA.
  1152 | D:1      | 1152 ||| DROPPING scroll of blinking.
  1163 | D:2      | 1163 ||| STAIRDANCE
  1172 | D:2      | Reached skill level 4 in Axes
  1172 | D:2      | 1172 ||| STAIRDANCE
  1382 | D:2      | 1382 ||| SWAPPING to +1 war axe of venom.
  1383 | D:2      | 1383 ||| DROPPING +1 hand axe of venom.
  1474 | D:2      | Found a faded altar of an unknown god.
  1537 | D:2      | 1537 ||| Stepping ~*~*~tactically~*~*~ (stealth).
  1856 | D:2      | 1856 ||| Stepping ~*~*~tactically~*~*~ (stealth).
  1857 | D:2      | 1857 ||| Stepping ~*~*~tactically~*~*~ (stealth).
  1862 | D:2      | 1862 ||| READING scroll labelled ZUGIRCH YB WAO.
  1863 | D:2      | 1863 ||| READING scroll labelled CUHOZE ATASS.
  1864 | D:2      | 1864 ||| DRINKING 2 blue potions.
  1892 | D:2      | 1892 ||| DRINKING 2 smoky ruby potions.
  1893 | D:2      | 1893 ||| DROPPING potion of lignification.
  1894 | D:2      | 1894 ||| DROPPING potion of degeneration.
  1909 | D:3      | 1909 ||| PLANNING SEWER
  2006 | D:3      | Identified the +12 rapier "Siurykhe" {vorpal, Str+4}
  2063 | D:3      | 2063 ||| Stepping ~*~*~tactically~*~*~ (stealth).
  2070 | D:3      | Reached XP level 4. HP: 8/26 MP: 8/8
  2072 | D:3      | 2072 ||| FLEEEEING.
  2334 | D:3      | Noticed Grinder
  2336 | D:3      | 2336 ||| Stepping ~*~*~tactically~*~*~ (hiding).
  2340 | D:3      | 2340 ||| Stepping ~*~*~tactically~*~*~ (hiding).
  2341 | D:3      | 2341 ||| Stepping ~*~*~tactically~*~*~ (hiding).
  2351 | D:3      | HP: 6/26 [Grinder (5)]
  2352 | D:3      | Slain by Grinder

Levels and vault maps discovered:
D:1:      dpeg_arrival_another_circle, layout_loops_ring, serial_shops,
          shop_coins, chequers_serial_rivers_small_3
D:2:      layout_loops_ring, ebering_ecumenical_altar_sacrificial
D:3:      layout_basic, serial_forest, infiniplex_forest_lined_room_,
          infiniplex_forest_end_2, infiniplex_forest_end_2,
          infiniplex_forest_corner_1, infiniplex_forest_clump_tiny,
          infiniplex_forest_lined_3, infiniplex_forest_lined_room_2,
          gup_sewer_entry_bowl, gammafunk_ghost_cemetery, minivault_25,
          dreamdust_princess_bridge, nicolae_elevator_lobby_plus, uniq_grinder

Skill      XL: |  1  2  3 |
---------------+----------+-----
Axes           | 3 4 |  4.7
Fighting       | |  2.0
Throwing       | |  1.0
Armour         | |  1.1
Dodging        | |  2.1
Spellcasting   | |  2.0
Translocations | |  2.4

Action                   |  1- 3 |  4- 6 || total
-------------------------+-------+-------++-------
Melee: Hand axe          |    58 |       ||    58
       Kick              |    16 |     2 ||    18
       Peck              |     5 |     1 ||     6
       War axe           |    13 |    10 ||    23
Throw: Boomerang         |     9 |       ||     9
  Use: Scroll            |     6 |       ||     6
       Potion            |     2 |       ||     2
Armor: Leather armour    |    14 |       ||    14
Dodge: Dodged            |    36 |     3 ||    39

Table legend:
 A = Non-vault XP
 B = Vault XP
 C = Vault XP percentage of total XP
 D = Non-vault monster count
 E = Vault monster count
 F = Vault count percentage of total count
                 A         B        C        D         E       F
            +---------+---------+-------+---------+---------+-------
      Total |      95 |       0 |   0.0 |      39 |       0 |   0.0
            +---------+---------+-------+---------+---------+-------
        D:1 |      43 |       0 |   0.0 |      24 |       0 |   0.0
        D:2 |      28 |       0 |   0.0 |      10 |       0 |   0.0
        D:3 |      24 |       0 |   0.0 |       5 |       0 |   0.0
            +---------+---------+-------+---------+---------+-------
